 Dungeon Crawl Stone Soup version 0.24.0-13-gcf9b319 (webtiles) character file.

Game seed: 7096158087821327021, levelgen mode: deterministic

11465 irioden the Cleaver (level 11, -6/95 HPs)
             Began as a Minotaur Fighter on Dec 22, 2019.
             Was a Believer of the Shining One.
             Hit by a large rock thrown by a stone giant (24 damage)
             ... on level 1 of the Orcish Mines.
             The game lasted 00:45:27 (7958 turns).

irioden the Cleaver (Minotaur Fighter)              Turns: 7958, Time: 00:45:28

Health: -6/95      AC: 22    Str: 24    XL:     11   Next: 49%
Magic:  7/10       EV:  7    Int:  7    God:    the Shining One [**....]
Gold:   788        SH: 19    Dex: 10    Spells: 10/10 levels left

rFire    . . .     SeeInvis .   q - +2 war axe "Poekiggitru" {chop, MR+ Int+2}
rCold    . . .     Gourm    .   c - +0 shield
rNeg     + . .     Faith    +   C - +0 plate armour
rPois    .         Spirit   .   (helmet restricted)
rElec    .         Reflect  .   J - +2 cloak
rCorr    .         Harm     .   K - +1 pair of gloves
MR       +....                  m - +0 pair of boots
Stlth    ..........             s - amulet of faith
HPRegen  0.25/turn              (no ring)
MPRegen  0.12/turn              (no ring)

@: divine shield, glowing
A: retaliatory headbutt, horns 2
a: Divine Shield, Renounce Religion


You were on level 1 of the Orcish Mines.
You worshipped the Shining One.
The Shining One was pleased with you.
You were not hungry.

You visited 3 branches of the dungeon, and saw 12 of its levels.

You collected 926 gold pieces.
You spent 138 gold pieces at shops.

Inventory:

Hand Weapons
 a - a +1 war axe
 q - the +2 war axe "Poekiggitru" (weapon) {chop, MR+ Int+2}
   (You found it on level 9 of the Dungeon)

   It inflicts extra damage upon your enemies.
   It affects your intelligence (+2).
   It affects your resistance to hostile enchantments.
 w - a +2 morningstar of draining
 A - a +1 falchion
 E - the +7 short sword "Cavelyunk" {flame, *Corrode rF++}
   (You took it off an orc on level 7 of the Dungeon)

   It has been specially enchanted to burn those struck by it, causing extra
   injury to most foes and up to half again as much damage against particularly
   susceptible opponents.
   It greatly protects you from fire.
   It may corrode you when you take damage.
 H - a +5 spear
 Q - a +3 battleaxe of electrocution
Armour
 c - a +0 shield (worn)
 m - a +0 pair of boots (worn)
 C - a +0 plate armour (worn)
 J - a +2 cloak (worn)
 K - a +1 pair of gloves (worn)
 R - a +2 scale mail of cold resistance
Magical Staves
 y - a cursed staff of cold {unknown}
 N - an uncursed staff of conjuration {unknown}
Jewellery
 b - an uncursed amulet of the gourmand
 o - an uncursed amulet of harm {unknown}
 s - an amulet of faith (around neck)
 D - a +3 ring of intelligence {unknown}
Wands
 n - a wand of digging (2)
 v - a wand of enslavement (9)
 G - a wand of paralysis (6)
 L - a wand of polymorph (10)
Scrolls
 e - 9 scrolls of remove curse
 h - 6 scrolls of magic mapping
 j - 2 scrolls of fear
 k - 3 scrolls of enchant weapon
 r - 2 scrolls of noise {unknown}
 t - 6 scrolls of teleportation
 F - a scroll of fog
 I - a scroll of summoning {unknown}
 M - 3 scrolls of immolation {unknown}
 O - a scroll of amnesia {unknown}
 S - a scroll of blinking
Potions
 d - 3 potions of might
 g - 2 potions of cancellation
 i - 3 potions of flight
 l - a potion of brilliance {unknown}
 p - a potion of agility
 u - 3 potions of curing
 x - 4 potions of resistance {unknown}
 z - a potion of mutation {unknown}
 B - a potion of heal wounds {unknown}
Miscellaneous
 P - a lamp of fire (inert)
Comestibles
 f - 18 rations


   Skills:
 + Level 8.9 Fighting
 + Level 12.7 Axes
 * Level 10.9 Armour
 + Level 2.3 Dodging
 - Level 0.1 Stealth
 * Level 12.0 Shields
 + Level 0.5 Invocations
 + Level 0.2 Evocations


You had 10 spell levels left.
You didn't know any spells.
Your spell library contained the following spells:

 Spells                   Type           Power        Failure   Level  Hunger
 Corona                   Hex            #......      100%        1    ##.....
 Ensorcelled Hibernation  Hex/Ice        #.....       100%        2    ###....
 Confuse                  Hex            #.......     100%        3    ####...
 Dazzling Spray           Conj/Hex       #.....       100%        3    ####...
 Tukima's Dance           Hex            #.......     100%        3    ####...


Dungeon Overview and Level Annotations

Branches:
Dungeon (10/15)            Temple (1/1) D:7            Lair (0/6) D:10
    Orc (1/2) D:10

Altars:
Ashenzari
Cheibriados
Dithmenos
Elyvilon
Fedhas
Gozag
Hepliaklqana
Kikubaaqudgha
Makhleb
Nemelex Xobeh
Okawaru
Ru
Sif Muna
Trog
Vehumet
Xom
Zin
The Shining One

Shops:
D:5 *   D:6 :   D:9 [


Innate Abilities, Weirdness & Mutations

You reflexively headbutt those who attack you in melee.
You have a pair of horns on your head.


Message History

The stone giant is heavily wounded.
You block the stone giant's attack.
You hit the stone giant. You headbutt the stone giant.
The stone giant is heavily wounded.
You hit the stone giant. You headbutt the stone giant.
The stone giant is severely wounded.
The stone giant hits you but does no damage.
You slash the stone giant!
The stone giant is severely wounded.
The stone giant hits you!!
* * * LOW HITPOINT WARNING * * *
You are too injured to fight recklessly!
Aiming: Paralyse
Press: ? - help, Shift-Dir - straight line, f - stone giant
Aim: a stone giant (severely wounded, haloed, chance to defeat MR: 6%)
The stone giant resists with almost no effort.
The stone giant hits you!
* * * LOW HITPOINT WARNING * * *
The stone giant throws a large rock.
The large rock hits you!!
You die...

### ### ##.##
##.####... #._.#.#..#
... ###)###...##
...###.....##...###
....#......)[)).#.###
..$$.......##)C.@...##
..#..........##......#
..............###.#.##
.............## #####
............##
.....).......###
.......C.......#
.#.......##.....#
.....†....####.##


You could see a stone giant.

Vanquished Creatures
  The ghost of severenx the Martial Artist, a journeyman OpFi of Okawaru (Orc:1)
  A dancing weapon (Orc:1)
  A two-headed ogre (D:9)
  Urug (D:10)
  An orc high priest (Orc:1)
  A cyclops (D:10)
  Joseph (D:9)
  Maurice (D:8)
  A komodo dragon (D:10)
  2 trolls (Orc:1)
  Grinder (D:6)
  A hippogriff (D:9)
  A wraith (D:10)
  A hungry ghost (D:7)
  3 wargs
  A water moccasin (D:8)
  5 sky beasts
  7 orc warriors
  A necrophage (D:9)
  An ice beast (D:10)
  2 phantoms
  A black bear (D:8)
  4 ogres
  A centaur (D:7)
  A crocodile (D:9)
  3 bullfrogs
  8 scorpions
  9 killer bees
  3 wights (D:6)
  3 howler monkeys
  3 crimson imps
  A bullfrog zombie (D:9)
  6 jellies
  3 bullfrog skeletons
  4 hounds
  13 orc wizards
  10 orc priests
  A gnoll shaman (D:7)
  2 iguanas
  Jessica (D:3)
  Natasha (twice) (D:4)
  10 worker ants
  A killer bee zombie (D:8)
  A hound zombie (D:9)
  A hound skeleton (D:6)
  A howler monkey zombie (D:7)
  A worker ant zombie (D:5)
  8 gnolls
  A howler monkey skeleton (D:5)
  7 adders
  A river rat (D:5)
  3 shadow imps
  An ooze (D:3)
  An adder zombie (D:5)
  2 adder skeletons
  5 worms
  A dart slug (D:1)
  4 leopard geckos
  62 orcs
  5 ball pythons
  4 giant cockroaches
  6 hobgoblins
  11 jackals
  2 quokkas
  11 bats
  3 frilled lizards
  A giant cockroach zombie (D:5)
  4 goblins
  A jackal skeleton (D:4)
  8 kobolds
  8 rats
289 creatures vanquished.

Vanquished Creatures (others)
  A bush (D:7)
  4 plants (D:10)
5 creatures vanquished.

Grand Total: 294 creatures vanquished

Notes
Turn   | Place    | Note
-------+----------+-------------------------------------------
     0 | D:1      | irioden the Minotaur Fighter began the quest for the Orb.
     0 | D:1      | Reached XP level 1. HP: 19/19 MP: 0/0
   242 | D:1      | Reached XP level 2. HP: 26/27 MP: 1/1
   561 | D:2      | Reached XP level 3. HP: 24/33 MP: 2/2
   705 | D:2      | Reached XP level 4. HP: 39/40 MP: 3/3
  1111 | D:3      | Noticed Jessica
  1115 | D:3      | Killed Jessica
  1179 | D:3      | Reached XP level 5. HP: 20/46 MP: 4/4
  1323 | D:3      | You fall into a shaft and drop 1 floor!
  1839 | D:4      | Reached skill level 5 in Axes
  1951 | D:4      | Noticed a phantom
  2050 | D:4      | Reached skill level 5 in Armour
  2050 | D:4      | Reached XP level 6. HP: 51/53 MP: 5/5
  2068 | D:4      | Reached skill level 1 in Dodging
  2189 | D:4      | Noticed Natasha
  2193 | D:4      | Killed Natasha
  2215 | D:4      | Noticed Natasha
  2223 | D:4      | Killed Natasha
  2223 | D:4      | Reached skill level 5 in Shields
  2278 | D:5      | Entered Level 5 of the Dungeon
  2402 | D:5      | Reached XP level 7. HP: 60/60 MP: 6/6
  2657 | D:5      | Reached skill level 5 in Fighting
  2744 | D:5      | Found an opulent altar of Gozag.
  2744 | D:5      | Found Gozag's Platinum Reserve.
  3179 | D:5      | Found a glowing silver altar of Zin.
  3613 | D:5      | Reached XP level 8. HP: 13/68 MP: 7/7
  4030 | D:6      | Noticed Grinder
  4086 | D:6      | Killed Grinder
  4129 | D:6      | Found a blossoming altar of Fedhas.
  4280 | D:6      | Found Hohilok's Book Boutique.
  4621 | D:7      | Reached XP level 9. HP: 58/75 MP: 8/8
  4709 | D:7      | Found a staircase to the Ecumenical Temple.
  4710 | D:7      | Identified the +7 short sword "Cavelyunk" {flame, *Corrode
                  | rF++}
  4720 | Temple   | Entered the Ecumenical Temple
  4767 | Temple   | Became a worshipper of the Shining One
  4927 | D:7      | Paralysed by a gnoll for 5 turns
  5458 | D:8      | Noticed Maurice
  5578 | D:8      | Killed Maurice
  5726 | D:8      | Reached skill level 10 in Axes
  6193 | D:9      | Reached XP level 10. HP: 84/86 MP: 9/9
  6249 | D:9      | Reached * piety under the Shining One
  6271 | D:9      | Got a shimmering war axe
  6272 | D:9      | Identified the +2 war axe "Poekiggitru" {chop, MR+ Int+2}
                  | (You found it on level 9 of the Dungeon)
  6350 | D:9      | Noticed Joseph
  6354 | D:9      | Reached skill level 10 in Shields
  6365 | D:9      | Killed Joseph
  6419 | D:9      | Found Zowkihiq's Armour Emporium.
  6422 | D:9      | Bought a +1 pair of gloves for 138 gold pieces
  6868 | D:9      | Noticed a two-headed ogre
  6873 | D:9      | Killed a two-headed ogre
  6873 | D:9      | Reached skill level 10 in Armour
  6946 | D:10     | Entered Level 10 of the Dungeon
  6976 | D:10     | Reached ** piety under the Shining One
  7058 | D:10     | Found a staircase to the Orcish Mines.
  7129 | D:10     | Noticed a cyclops
  7166 | D:10     | Killed a cyclops
  7315 | D:10     | Noticed Urug
  7338 | D:10     | Killed Urug
  7338 | D:10     | Reached XP level 11. HP: 63/94 MP: 7/10
  7393 | D:10     | Found a staircase to the Lair.
  7668 | Orc:1    | Entered Level 1 of the Orcish Mines
  7680 | Orc:1    | Found a runed translucent door.
  7680 | Orc:1    | Found a shimmering altar of Xom.
  7680 | Orc:1    | Noticed severenx's ghost (journeyman OpFi)
  7683 | Orc:1    | Noticed a +1 flail of chaos
  7714 | Orc:1    | Killed a +1 flail of chaos
  7778 | Orc:1    | Killed severenx's ghost
  7811 | Orc:1    | Noticed an orc high priest
  7863 | Orc:1    | Killed an orc high priest
  7925 | Orc:1    | Noticed a stone giant
  7958 | Orc:1    | Hit by a large rock thrown by a stone giant

Levels and vault maps discovered:
D:1:      eino_arrival_druids_welcome, layout_basic
D:2:      layout_rooms
D:3:      layout_basic, uniq_jessica
D:4:      layout_gridville, uniq_natasha
D:5:      layout_basic, kennysheep_mini, portal_sewer_entry_a, first_ration,
          minmay_misc_feat_rugged, nicolae_gozag_zags_fifth_avenue
D:6:      layout_cave_pools, serial_shops, shop_coins, fedhas_ov_isle_minmay,
          uniq_grinder
D:7:      cheibrodos_quashed, layout_rooms, minmay_temple_entry_proselytizer,
          kb_lookout_dungeons_type, chequers_serial_rivers_room_a
D:8:      layout_basic, grunt_ogre_cave, uniq_maurice
D:9:      minmay_inner_zag, layout_basic, serial_shops,
          nicolae_shop_behind_doors, uniq_joseph
D:10:     layout_long_grid, david_lair_shrubbed, erik_orc_4, uniq_urug
Temple:   nicolae_temple_the_god_donut
Orc:1:    layout_caves, ebering_ghost_xom

Skill      XL: |  1  2  3  4  5  6  7  8  9 10 11 |
---------------+----------------------------------+-----
Armour         | 4 5 6 7 9 10 | 10.9
Fighting       | 4 5 6 7 8 |  8.9
Shields        | 4 5 6 7 9 11 12 | 12.0
Axes           | 3 4 5 6 7 8 10 12 | 12.7
Dodging        | 1 2 |  2.3
Stealth        | |  0.1
Invocations    | |  0.5
Evocations     | |  0.2

Action                   |  1- 3 |  4- 6 |  7- 9 | 10-12 || total
-------------------------+-------+-------+-------+-------++-------
Melee: War axe           |    52 |   122 |   364 |   260 ||   798
       Headbutt          |     4 |    21 |    57 |    48 ||   130
Invok: Divine Shield     |       |       |       |     3 ||     3
Evoke: Lamp of fire      |       |       |       |     1 ||     1
       Wand              |       |       |       |     1 ||     1
  Use: Scroll            |     4 |     8 |     3 |     2 ||    17
       Potion            |       |       |       |     1 ||     1
  Eat: Ration            |       |     1 |     3 |       ||     4
       Chunk             |       |     2 |    19 |       ||    21
Armor: Scale mail        |    22 |    20 |       |       ||    42
       Chain mail        |       |    20 |    62 |       ||    82
       Plate armour      |       |       |   137 |    94 ||   231
Dodge: Dodged            |    25 |    27 |    98 |    29 ||   179
Block: Shield            |    38 |    39 |   248 |   116 ||   441
